 Dungeon Crawl Stone Soup version 0.29.1-13-g9f3cf754e1 (webtiles) character file.

Game seed: 4718442714719802994

112 Rikuski the Sneak (level 4, -1/21 HPs)
             Began as a Spriggan Enchanter on Feb 2, 2023.
             Was a Follower of Fedhas.
             Succumbed to a scorpion's poison
             ... on level 3 of the Dungeon.
             The game lasted 00:14:16 (3127 turns).

Rikuski the Sneak (Spriggan Enchanter)              Turns: 3127, Time: 00:14:17

Health: -1/21      AC:  2    Str:  4    XL:     4   Next: 64%
Magic:  8/10       EV: 18    Int: 16    God:    Fedhas [*.....]
Gold:   186        SH:  0    Dex: 17    Spells: 5/10 levels left

rFire   . . .      SeeInvis +   a - +1 dagger
rCold   . . .      Faith    .   (no shield)
rNeg    . . .      Spirit   .   b - +0 robe
rPois   .          Reflect  .   (helmet restricted)
rElec   .          Harm     .   (no cloak)
rCorr   .          Rampage  .   (gloves unavailable)
Will    .....                   (boots unavailable)
Stlth   +++.......              (no amulet)
HPRegen 0.07/turn               (no ring)
MPRegen 0.12/turn               (no ring)

@: lethally poisoned (-1 -> -11), very quick
A: very small, no large weapons, unfitting armour, see invisible, speed 3
a: Renounce Religion


You were on level 3 of the Dungeon.
You worshipped Fedhas.
Fedhas was aware of your devotion.
You visited 1 branch of the dungeon, and saw 3 of its levels.

You collected 186 gold pieces.

Inventory:

Hand Weapons
 a - a +1 dagger (weapon)
Missiles
 e - 5 poisoned darts (quivered)
Armour
 b - a +0 robe (worn)
Magical Staves
 g - a staff of fire
Jewellery
 i - a ring of poison resistance
Scrolls
 c - a scroll of vulnerability {unknown}
 d - 3 scrolls of identify {unknown}
 f - a scroll of noise {unknown}
 l - a scroll of silence {unknown}
 m - a scroll of enchant armour {unknown}
 n - 2 scrolls of enchant weapon {unknown}
Potions
 j - a potion of attraction {unknown}
 k - a potion of haste {unknown}


   Skills:
 + Level 2.3 Short Blades
 + Level 3.8 Dodging
 + Level 5.4 Stealth
 + Level 3.5 Spellcasting
 + Level 4.3 Hexes


You had 5 spell levels left.
You knew the following spells:

 Your Spells              Type           Power      Damage    Failure   Level
a - Ensorcelled Hibernat  Hex/Ice        18%        N/A       11%         2
b - Confusing Touch       Hex            16%        N/A       9%          3

Your spell library contained the following spells:

 Spells                   Type           Power      Damage    Failure   Level
 Tukima's Dance           Hex            16%        N/A       9%          3
 Dazzling Flash           Conj/Hex       18%        N/A       22%         3


Dungeon Overview and Level Annotations

Branches:
Dungeon (3/15)

Altars:
Fedhas
Xom

Shops:
D:1 [=[(


Innate Abilities, Weirdness & Mutations

You are very small and have problems with some larger weapons.
You are too small for most types of armour.
You have supernaturally acute eyesight. (SInv)
You cover ground extremely quickly. (Speed+++)


Message History

Casting: Ensorcelled Hibernation (safe; 11% risk of failure)
Confirm with . or Enter, or press ? or * to list all spells.
Aiming: Ensorcelled Hibernation (safe; 11% risk of failure)
Press: ? - help, Shift-Dir - straight line, f - you, p - scorpion That would be overly suicidal.
Okay, then.
Casting: Ensorcelled Hibernation (safe; 11% risk of failure)
Confirm with . or Enter, or press ? or * to list all spells.
You don't know that spell.
You completely miss the scorpion.
The scorpion is heavily wounded.
The scorpion stings you but does no damage.
You hit the scorpion but do no damage.
The scorpion is moderately wounded.
The scorpion closely misses you.
You hit the scorpion but do no damage.
The scorpion is moderately wounded.
The scorpion stings you.
* * * LOW HITPOINT WARNING * * *
You are lethally poisoned!
The scorpion poisons you!
You hit the scorpion.
The scorpion is severely wounded.
* * * LOW HITPOINT WARNING * * *
You feel very sick. The scorpion completely misses you.
You feel better. The scorpion stings you.
You closely miss the scorpion.
The scorpion is heavily wounded.
The scorpion closely misses you.
You barely miss the scorpion.
The scorpion is heavily wounded.
The scorpion barely misses you. The scorpion stings you.
* * * LOW HITPOINT WARNING * * *
You are lethally poisoned!
The scorpion poisons you!
You closely miss the scorpion.
The scorpion is heavily wounded.
You die...
Fedhas appreciates your contribution to the ecosystem.

#...## #.# #######.##.## #...#
#.## ...........#.
#...######..### ...........#.
##.##......<..## ...........#.
#..##>......#..## .............
#...[.#.###.....###...........#.
#.....#.# ###.....#.............
#.....#.# ###.#............#..
###[#.... #@......###.#.###.
#.###........s....... #...# #.
#.# .............#### ...## #.
#.# ............# .... .. #.#
............. ..... .
........##.#.. . .......## ...##
....... ....


You could see a scorpion.

Vanquished Creatures
  5 adders
  A worm (D:2)
  A dart slug (D:1)
  9 endoplasms
  3 giant cockroaches
  6 goblins
  4 hobgoblins
  3 kobolds (D:2)
  8 quokkas
  7 ball pythons
  3 bats (D:2)
  3 frilled lizards
  2 rats (D:1)
55 creatures vanquished.

Vanquished Creatures (others)
  2 fungi (D:2)
2 creatures vanquished.

Grand Total: 57 creatures vanquished

Notes
Turn   | Place    | Note
-------+----------+-------------------------------------------
     0 | D:1      | Rikuski the Spriggan Enchanter began the quest for the Orb.
     0 | D:1      | Reached XP level 1. HP: 9/9 MP: 5/5
   111 | D:1      | Reached XP level 2. HP: 10/13 MP: 6/6
   272 | D:1      | Found Hyuraps's Armour Shop.
   528 | D:1      | Found Ykhyello's Jewellery Emporium.
   528 | D:1      | Found Cakim's Armour Boutique.
  1024 | D:1      | Found Lisaohim's Weapon Shop.
  1293 | D:1      | Reached XP level 3. HP: 13/16 MP: 8/8
  1575 | D:2      | Learned a level 2 spell: Ensorcelled Hibernation
  1630 | D:2      | Learned a level 3 spell: Confusing Touch
  1639 | D:2      | Reached skill level 5 in Stealth
  1691 | D:2      | Found a faded altar of an unknown god.
  1890 | D:2      | Prayed at the altar of an unknown god.
  1890 | D:2      | Became a worshipper of Fedhas Madash
  1890 | D:2      | Reached * piety under Fedhas
  2163 | D:2      | Found a shimmering altar of Xom.
  2288 | D:2      | Reached XP level 4. HP: 21/21 MP: 5/10
  3103 | D:3      | Noticed a scorpion
  3127 | D:3      | Succumbed to a scorpion's poison

Illustrated notes

Levels and vault maps discovered:
D:1:      amcnicky_arrival_underground_garden, layout_rooms, serial_shops, shop,
          shop, shop, shop, serial_bayou_pond_b, minmay_misc_feat_room
D:2:      layout_loops_cross, basic_altar,
          shapermc_ecumenical_altar_mp_urbaneastern, minmay_strange_pillars
D:3:      layout_rooms, nicolae_gozag_seed_capital, serial_curves,
          eino_curves_02, eino_curves_04, eino_curves_02,
          kennysheep_jessica_study, uniq_jessica

Skill      XL: |  1  2  3 |
---------------+----------+-----
Dodging        | 3 |  3.8
Spellcasting   | 3 |  3.5
Hexes          | 4 |  4.3
Stealth        | 5 |  5.4
Short Blades   | 2 |  2.3

Action                   |  1- 3 |  4- 6 || total
-------------------------+-------+-------++-------
Melee: Dagger            |   135 |    68 ||   203
 Cast: Ensorcelled Hiber |     9 |     7 ||    16
       Confusing Touch   |       |     1 ||     1
  Use: Potion            |     2 |     2 ||     4
 Stab: Sleeping          |     7 |     8 ||    15
       Invisible         |     2 |       ||     2
Armor: Robe              |    13 |     5 ||    18
Dodge: Dodged            |    82 |    40 ||   122
